 Dungeon Crawl Stone Soup version 0.30-a0-881-g1ff12e1e11 (webtiles) character file.

Game seed: 17664989932216492381

529 jasper the Shooter (level 7, -5/44 HPs)
             Began as a Gargoyle Hunter on Mar 14, 2023.
             Was a Follower of Trog.
             Slain by a wight
             ... wielding a +3 long sword
              (12 damage)
             ... on level 5 of the Dungeon.
             The game lasted 00:06:11 (2982 turns).

jasper the Shooter (Gargoyle Hunter)                Turns: 2982, Time: 00:06:11

Health: -5/44      AC: 12    Str: 14    XL:     7   Next: 24%
Magic:  7/7        EV:  9    Int: 10    God:    Trog [*.....]
Gold:   235        SH:  0    Dex: 15    Spells: 6/6 levels left

rFire   . . .      SeeInvis .    a - +0 shortbow
rCold   . . .      Faith    .    (shield currently unavailable)
rNeg    + . .      Spirit   .    u - +0 scale mail
rPois   ∞          Reflect  .    e - +0 helmet
rElec   +          Rampage  .    (no cloak)
rCorr   +                        (no gloves)
Will    .....                    (no boots) Stlth
                                 (no amulet)
HPRegen 0.27/turn                t - ring of resist corrosion
MPRegen 0.10/turn                (no ring)

@: no status effects
A: sickness immunity, AC +4, negative energy resistance 1, electricity
resistance, torment resistance 1, petrification resistance
a: Renounce Religion, Berserk


You were on level 5 of the Dungeon.
You worshipped Trog.
Trog was aware of your devotion.
You visited 1 branch of the dungeon, and saw 5 of its levels.

You collected 235 gold pieces.

Inventory:

Hand Weapons
 a - a +0 shortbow (weapon)
Missiles
 m - 4 javelins
Armour
 c - a +0 leather armour
 e - a +0 helmet (worn)
 i - a +0 ring mail
 u - a +0 scale mail (worn)
Jewellery
 t - a ring of resist corrosion (left hand)
Wands
 v - a wand of mindburst (19)
Scrolls
 b - 2 scrolls of immolation
 d - a scroll of magic mapping {unknown}
 g - a scroll of poison {unknown}
 h - 7 scrolls of identify {unknown}
 l - a scroll of fear {unknown}
 o - a scroll of vulnerability {unknown}
 q - a scroll of teleportation {unknown}
 s - a scroll of brand weapon {unknown}
 w - a scroll of enchant weapon {unknown}
Potions
 f - a potion of might {unknown}
 j - a potion of haste
 k - a potion of resistance {unknown}
 p - a potion of magic {unknown}
 r - 3 potions of brilliance {unknown}
 x - a potion of attraction {unknown}
 z - a potion of curing {unknown}


   Skills:
 + Level 4.5 Fighting
 * Level 6.6 Ranged Weapons
 + Level 3.7 Armour
 - Level 1.5 Dodging
 - Level 1.1 Stealth


You had 6 spell levels left.
You didn't know any spells.
Your spell library contained the following spells:

 Spells                   Type           Power      Damage    Failure   Level
 Ignite Poison            Fire/Tmut/Pois 0%         N/A       99%         3
 Sticky Flame             Conj/Fire      0%         2d3       100%        4
 Ignition                 Fire           0%         3d3       100%        8


Dungeon Overview and Level Annotations

Branches:
Dungeon (5/15)
 Temple: D:4-7

Altars:
Ashenzari
Cheibriados
Elyvilon
Fedhas
Kikubaaqudgha
Ru
Trog
The Shining One

Annotations:
D:2 Sigmund


Innate Abilities, Weirdness & Mutations

You are immune to sickness and miasma.
Your stone body is resilient. (AC +4)
You are immune to poison.
You resist negative energy. (rN+)
You are resistant to electric shocks. (rElec)
You are resistant to unholy torment.
You are immune to petrification.


Message History

The wight is heavily damaged.
The wight hits you with a +3 long sword!
* * * LOW HITPOINT WARNING * * *
The wight barely misses you.
You take 8 damage, and have 7/44 hp.
Fire: a) +0 shortbow
Press: ? - help, Q - select action, (/) - cycle Shift-Dir - straight line, f/p - wight
Aim: a wight, wielding a +3 long sword and wearing a +0 chain mail (heavily damaged, 71% to hit)
You shoot an arrow.
The arrow hits the wight but does no damage.
The wight is heavily damaged.
The wight hits you but does no damage.
Fire: a) +0 shortbow
Press: ? - help, Q - select action, (/) - cycle Shift-Dir - straight line, f/p - wight
Aim: a wight, wielding a +3 long sword and wearing a +0 chain mail (heavily damaged, 71% to hit)
You shoot an arrow. The arrow barely misses the wight.
The wight closely misses you. x2
Fire: a) +0 shortbow
Press: ? - help, Q - select action, (/) - cycle Shift-Dir - straight line, f/p - wight
Aim: a wight, wielding a +3 long sword and wearing a +0 chain mail (heavily damaged, 71% to hit)
You shoot an arrow.
The arrow hits the wight but does no damage.
The wight is heavily damaged.
The wight barely misses you.
Fire: a) +0 shortbow
Press: ? - help, Q - select action, (/) - cycle Shift-Dir - straight line, f/p - wight
Aim: a wight, wielding a +3 long sword and wearing a +0 chain mail (heavily damaged, 71% to hit)
You shoot an arrow.
The arrow hits the wight but does no damage.
The wight is heavily damaged.
The wight hits you with a +3 long sword.
* * * LOW HITPOINT WARNING * * *
You take 1 damage, and have 7/44 hp.
Fire: a) +0 shortbow
Press: ? - help, Q - select action, (/) - cycle Shift-Dir - straight line, f/p - wight
Aim: a wight, wielding a +3 long sword and wearing a +0 chain mail (heavily damaged, 71% to hit)
You shoot an arrow. The arrow hits the wight.
The wight is almost destroyed.
The wight hits you with a +3 long sword!
You die...

#.# #.#### ##########
#.... #........# #.#..
#.######.# #.#.#
#.######.# #.#.# ###
#.....##.####.#.###....
..
#.###....@z)........###
#. #.#
####.###.<)........ #.
#.# #.##.....###### #.
#.######.###...## #.
#........# ##.## #.
#.######## #.# #. #.#
#.# ##. #.##### ##'##
#.. #.....#
##...#########..


You could see a wight.

Vanquished Creatures
  A scorpion (D:5)
  3 wights (D:5)
  A howler monkey (D:5)
  An orc priest (D:5)
  A hound (D:5)
  A sleepcap (D:5)
  2 orc wizards
  4 adders
  A white imp (D:4)
  An ufetubus (D:4)
  4 worms
  2 dart slugs
  11 orcs
  6 ball pythons
  5 endoplasms
  2 giant cockroaches
  4 goblins
  4 hobgoblins
  6 quokkas
  2 bats (D:1)
  A frilled lizard (D:3)
  2 goblin skeletons (D:4)
  A goblin zombie (D:4)
  2 hobgoblin zombies (D:4)
  7 kobolds
  A kobold skeleton (D:4)
  4 orc skeletons (D:4)
  2 orc zombies (D:4)
  3 rats (D:1)
85 creatures vanquished.

Notes
Turn   | Place    | Note
-------+----------+-------------------------------------------
     0 | D:1      | jasper the Gargoyle Hunter began the quest for the Orb.
     0 | D:1      | Reached XP level 1. HP: 12/12 MP: 1/1
   143 | D:1      | Reached XP level 2. HP: 18/18 MP: 2/2
   442 | D:1      | Reached skill level 1 in Armour
   601 | D:2      | Reached XP level 3. HP: 20/22 MP: 3/3
   760 | D:2      | Noticed Sigmund
  1146 | D:3      | Found a snail-covered altar of Cheibriados.
  1178 | D:3      | Reached XP level 4. HP: 27/27 MP: 4/4
  1433 | D:3      | Found a blossoming altar of Fedhas.
  1457 | D:3      | Found a white marble altar of Elyvilon.
  1459 | D:3      | Found a bloodstained altar of Trog.
  1464 | D:3      | Found a sacrificial altar of Ru.
  1530 | D:3      | Became a worshipper of Trog the Wrathful
  2055 | D:4      | Reached skill level 5 in Ranged Weapons
  2155 | D:4      | Found a broken altar of Ashenzari.
  2244 | D:4      | Reached XP level 5. HP: 32/32 MP: 5/5
  2293 | D:4      | Reached * piety under Trog
  2332 | D:4      | Found a glowing golden altar of the Shining One.
  2485 | D:4      | HP: 1/32 [orc/+0 hand axe (2)]
  2486 | D:5      | Entered Level 5 of the Dungeon
  2686 | D:5      | Found an ancient bone altar of Kikubaaqudgha.
  2712 | D:5      | Reached XP level 6. HP: 22/38 MP: 6/6
  2738 | D:5      | Reached skill level 6 in Ranged Weapons
  2967 | D:5      | Reached XP level 7. HP: 20/44 MP: 7/7
  2982 | D:5      | Slain by a wight

Illustrated notes

Levels and vault maps discovered:
D:1:      lightli_arrival_boilingwater, layout_loops_ring
D:2:      layout_basic, nicolae_concentric_dashed_squares_mild,
          kennysheep_generic_room_15, uniq_sigmund
D:3:      layout_loops_corners, cheibriados_altar_1, minitemple, serial_rivers,
          chequers_serial_rivers_micro_e, chequers_serial_rivers_micro_b,
          chequers_serial_rivers_micro_a, chequers_serial_rivers_marsh
D:4:      layout_rooms, nicolae_tso_besieged_by_evil,
          nicolae_overflow_crystal_walls, serial_bayou_pond_e,
          kennysheep_orc_chapel
D:5:      layout_loops_corners, mainiacjoe_overflow_concentric_impassable,
          minmay_temple_entry_statues_pillars

Skill      XL: |  1  2  3  4  5  6 |
---------------+-------------------+-----
Armour         | 1 2 3 |  3.7
Fighting       | 3 4 |  4.5
Ranged Weapons | 5 6 |  6.6
Dodging        | |  1.5
Stealth        | |  1.1

Action                     |  1- 3 |  4- 6 |  7- 9 || total
---------------------------+-------+-------+-------++-------
   Fire: Shortbow          |   116 |   242 |    16 ||   374
  Throw: Throwing net      |     2 |       |       ||     2
    Use: Potion            |       |     4 |       ||     4
 Armour: Leather armour    |     3 |       |       ||     3
         Ring mail         |    22 |    17 |       ||    39
         Scale mail        |       |   102 |     6 ||   108
  Dodge: Dodged            |    27 |    93 |     7 ||   127

Table legend: (Time is in decaauts)
 A = Elapsed time spent in this place.
 B = Non-inter-level travel time spent in this place.
 C = Inter-level travel time spent in this place.
 D = Time resting spent in this place.
 E = Time spent auto-exploring this place.
 F = Levels seen in this place.
 G = Mean time per level.
                   A        B        C        D        E       F      G
               +--------+--------+--------+--------+--------+-----+--------+
         Total |   3101 |   2973 |    128 |     35 |   2200 |   5 |  620.2 |
       Dungeon |   3101 |   2973 |    128 |     35 |   2200 |   5 |  620.2 |
               +--------+--------+--------+--------+--------+-----+--------+

Top non-repeatable levels by time:
     D:3: 1183 daAuts
     D:1: 641 daAuts
     D:4: 521 daAuts
     D:5: 497 daAuts
     D:2: 257 daAuts
